 Dungeon Crawl Stone Soup version 0.26-a0-154-g3d63440f56 (webtiles) character file.

Game seed: 9553512247302793337

104 Gargoyl the Skirmisher (level 4, -11/38 HPs)
             Began as a Centaur Abyssal Knight on July 1, 2020.
             Was a Believer of Lugonu.
             Killed by nerve-wracking pain
             ... invoked by an orc priest
              (13 damage)
             ... on level 3 of the Dungeon.
             The game lasted 00:03:15 (2757 turns).

Gargoyl the Skirmisher (Centaur Abyssal Knight)     Turns: 2757, Time: 00:03:16

Health: -11/38     AC:  7    Str: 14    XL:     4   Next: 52%
Magic:  6/6        EV:  4    Int: 11    God:    Lugonu [**....]
Gold:   140        SH:  0    Dex: 10    Spells: 3/3 levels left

rFire    . . .     SeeInvis .   a - +1 hand axe
rCold    . . .     Faith    .   (no shield)
rNeg     . . .     Spirit   .   f - +0 chain mail
rPois    .         Reflect  .   (no helmet)
rElec    .         Harm     .   (no cloak)
rCorr    .                      (no gloves)
MR       .....                  (no barding)
Stlth    ..........             m - amulet of the acrobat
HPRegen  0.12/turn              (no ring)
MPRegen  0.10/turn              (no ring)

@: very quick
A: large, hooves 3, deformed body, speed 2, tough skin 3
a: Depart the Abyss, Bend Space, Renounce Religion


You were on level 3 of the Dungeon.
You worshipped Lugonu.
Lugonu was pleased with you.
You were not hungry.

You visited 1 branch of the dungeon, and saw 3 of its levels.
You visited the Abyss 1 time.

You collected 140 gold pieces.

Inventory:

Hand Weapons
 a - a +1 hand axe (weapon)
Armour
 f - a +0 chain mail (worn)
Jewellery
 d - an uncursed amulet of reflection
 m - an amulet of the acrobat (around neck)
Wands
 e - a wand of acid (4)
Scrolls
 h - a scroll of remove curse
 l - 2 scrolls of teleportation {unknown}
Potions
 g - 2 potions of mutation
 i - a potion of berserk rage
 j - a potion of curing
Comestibles
 c - 6 rations
 k - 3 chunks of flesh


   Skills:
 + Level 3.5 Fighting
 + Level 2.4 Axes
 * Level 2.2 Armour
 * Level 1.3 Dodging
 * Level 2.7 Invocations


You had 3 spell levels left.
You didn't know any spells.
Your spell library was empty.

Dungeon Overview and Level Annotations

Branches:
Dungeon (3/15)

Altars:
Dithmenos


Innate Abilities, Weirdness & Mutations

You have hooves in place of feet.
Armour fits poorly on your strangely shaped body.
You cover ground very quickly.
You have extremely tough skin. (AC +3)


Message History

The orc priest mumbles some strange prayers to Beogh against you.
You barely resist. You barely miss the orc priest.
Your kick misses the orc priest.
The orc priest is severely wounded.
The orc priest hits you but does no damage.
The orc priest invokes the aid of Beogh against you.
Pain shoots through your body!
* * * LOW HITPOINT WARNING * * *
You feel better.
The orc priest casts a cantrip, but nothing happens.
You feel better. The orc priest completely misses you.
The orc priest mumbles some strange prayers to Beogh against you.
Pain shoots through your body!
* * * LOW HITPOINT WARNING * * *
The orc priest looks encouraged for a moment.
There is a stone staircase leading up here.
You can't go down here!
The orc priest calls down the wrath of Beogh upon you.
Pain shoots through your body!
You die...

*,*,,,,,* *,* *******###
*,*,***,* *,** *,,,,,,..#
*,#.***,* *,,,
#,*****#.#####*,#...,,######
#.##** #.#...,*,#..#*,#.....
***#....**#.##.#,*,#..####...##
*,*###...##.##.#,,,#...........
***,,......o)....#####.####.##.##
,,,,,###.#.##.#.@....#.#>......#.
,,,,,*....[.))#.####.#....#....#.
,,,,,,.#.#.####.#......####......
,,,,,,..,#,,,,..#.#....# #....#.
,,,,,..******####.#....# ######.
*,,,,.,,* #.#....# #... *,,,,,,,*
#.#....# #... *,,,,,,,* #.#....#
#... *,,,,,,,* #.#....# ##..


You could see an orc priest.

Vanquished Creatures
  3 adders
  An ooze (D:3)
  3 worms
  A dart slug (D:1)
  2 leopard geckos (D:1)
  3 orcs (D:3)
  5 giant cockroaches
  9 goblins
  3 hobgoblins
  A quokka (D:2)
  2 ball pythons
  7 bats
  4 frilled lizards
  6 kobolds
  10 rats
60 creatures vanquished.

Notes
Turn   | Place    | Note
-------+----------+-------------------------------------------
     0 | Abyss:1  | Gargoyl the Centaur Abyssal Knight began the quest for the
                  | Orb.
     0 | Abyss:1  | Reached XP level 1. HP: 19/19 MP: 2/2
    54 | Abyss:1  | Found a corrupted altar of Lugonu.
    77 | Abyss:1  | Noticed a small abomination
    95 | Abyss:1  | Noticed a smoke demon
    96 | D:1      | Escaped the Abyss
   328 | D:1      | Reached * piety under Lugonu
   345 | D:1      | Reached XP level 2. HP: 22/26 MP: 3/3
   864 | D:1      | Reached skill level 1 in Dodging
   981 | D:2      | Reached XP level 3. HP: 29/31 MP: 4/4
  1181 | D:2      | Reached ** piety under Lugonu
  1567 | D:2      | Found a shadowy altar of Dithmenos.
  1750 | D:2      | Reached XP level 4. HP: 37/38 MP: 5/5
  2750 | D:3      | HP: 1/38 [orc priest/nerve-wracking pain (11)]
  2757 | D:3      | Killed from afar by an orc priest

Illustrated notes

Levels and vault maps discovered:
D:1:      psy_arrival_dodecagon, layout_basic
D:2:      layout_loops_ring, nicolae_dithmenos_shadow_blocks, first_ration,
          minmay_tetromino_l4
D:3:      layout_basic, chequers_serial_rivers_room_b

Skill      XL: |  1  2  3 |
---------------+----------+-----
Dodging        | 1 |  1.3
Axes           | 2 |  2.4
Armour         | 2 |  2.2
Fighting       | |  3.5
Invocations    | |  2.7

Action                   |  1- 3 |  4- 6 || total
-------------------------+-------+-------++-------
Melee: Hand axe          |   141 |    38 ||   179
       Kick              |    15 |    13 ||    28
Invok: Depart the Abyss  |     1 |       ||     1
  Use: Scroll            |       |     7 ||     7
       Potion            |       |     3 ||     3
  Eat: Chunk             |     2 |     2 ||     4
Armor: Chain mail        |   121 |    19 ||   140
       Leather armour    |     3 |       ||     3
Dodge: Dodged            |    48 |     5 ||    53
Block: Other             |    45 |     3 ||    48
       Reflection        |     1 |       ||     1

Table legend:
 A = Non-vault XP
 B = Vault XP
 C = Vault XP percentage of total XP
 D = Non-vault monster count
 E = Vault monster count
 F = Vault count percentage of total count
                 A         B        C        D         E       F
            +---------+---------+-------+---------+---------+-------
      Total |     145 |       4 |   2.7 |      57 |       3 |   5.0
            +---------+---------+-------+---------+---------+-------
        D:1 |      37 |       0 |   0.0 |      23 |       0 |   0.0
        D:2 |      60 |       4 |   6.2 |      22 |       3 |  12.0
        D:3 |      48 |       0 |   0.0 |      12 |       0 |   0.0
            +---------+---------+-------+---------+---------+-------
